 Dungeon Crawl Stone Soup version 0.20-b1-2-gc5a9893 (webtiles) character file.

139 tcpcsj the Covered (level 5, -3/42 HPs)
             Began as a Barachi Fighter on May 21, 2017.
             Slain by an iguana (11 damage)
             ... on level 4 of the Dungeon.
             The game lasted 00:04:38 (1931 turns).

tcpcsj the Covered (Barachi Fighter)                Turns: 1931, Time: 00:04:39

Health: -3/42      AC:  7    Str: 22 (24) XL:     5   Next: 22%
Magic:  6/6        EV:  7    Int:  5 (8)  God:
Gold:   233        SH:  9    Dex:  8 (11) Spells: 6/6 levels left

rFire    . . .     SeeInvis .   a - +0 war axe
rCold    . . .     Gourm    .   c - +0 shield
rNeg     . . .     Faith    .   b - +0 scale mail
rPois    .         Spirit   .   (no helmet)
rElec    .         Reflect  .   (no cloak)
rCorr    .         Harm     .   (no gloves)
MR       +....                  (no boots)
Stlth    ..........             i - amulet of rage
Regen    0.2/turn               n - ring of protection from magic
MPRegen  0.1/turn               (no ring)

@: mighty, very slightly contaminated, slow
A: +LOS, swims, slowness 1, strong legs 1
a: Hop, Evoke Berserk Rage


You were on level 4 of the Dungeon.
You were not hungry.

You visited 1 branch of the dungeon, and saw 4 of its levels.

You collected 233 gold pieces.

Inventory:

Hand Weapons
 a - a +0 war axe (weapon)
Missiles
 f - 6 poisoned needles
Armour
 b - a +0 scale mail (worn)
 c - a +0 shield (worn)
Jewellery
 i - an amulet of rage (around neck)
 n - a ring of protection from magic (left hand)
Wands
 o - a wand of paralysis (15/24)
Scrolls
 e - 5 scrolls of identify
 p - 2 scrolls of immolation
Potions
 d - 2 potions of might
 h - 2 potions of haste
 k - a potion of curing
Comestibles
 j - 2 fruits
 m - 2 meat rations
 q - a bread ration


   Skills:
 + Level 4.0 Fighting
 + Level 3.8 Axes
 + Level 4.6 Armour
 + Level 0.7 Dodging
 + Level 3.9 Shields
 * Level 1.2 Spellcasting


You had 6 spell levels left.
You didn't know any spells.

Dungeon Overview and Level Annotations

Branches:
Dungeon (4/15)
 Temple: D:4-7

Altars:


Innate Abilities, Weirdness & Mutations

Shadows flee at your approach. (+LOS)
You can swim through water.
You cover ground slowly.
You can hop short distances.


Message History

Your shield and scale mail prevent you from hitting the hound.
The hound is heavily wounded.
You closely miss the iguana. You block the hound's attack.
You block the iguana's attack. The hound bites you but does no damage.
The iguana barely misses you. The hound bites you.
* * * LOW HITPOINT WARNING * * *
You barely miss the hound.
The hound is heavily wounded.
You hit the iguana but do no damage. The hound bites you.
* * * LOW HITPOINT WARNING * * *
You block the iguana's attack. The hound bites you but does no damage.
You feel very mighty all of a sudden. You block the hound's attack.
The iguana bites you.
* * * LOW HITPOINT WARNING * * *
You closely miss the hound.
The hound is heavily wounded.
You closely miss the iguana.
You flicker back into view.
The hound barely misses you. The iguana bites you!
You die...

....# ....# ....#
....# .$..# #####
....# #...# ....#
#..<#####....#
###......@h†...##.
............l%.......
###...........#.#####
....###..#....# #
..### ##.#....# #
#......# ##.......
#......#. #>.....# .


You could see an iguana and a hound.

Vanquished Creatures
  A worker ant (D:3)
  5 adders
  2 worms
  3 dart slugs
  3 leopard geckos
  5 bats
  5 giant cockroaches
  8 goblins
  5 hobgoblins
  4 jackals (D:2)
  4 kobolds
  2 ball pythons
  3 frilled lizards
  6 rats
56 creatures vanquished.

Notes
Turn   | Place    | Note
-------+----------+-------------------------------------------
     0 | D:1      | tcpcsj the Barachi Fighter began the quest for the Orb.
     0 | D:1      | Reached XP level 1. HP: 18/18 MP: 1/1
     0 | D:1      | Noticed an ogre
     0 | D:1      | Noticed a human
     5 | D:1      | Noticed a naga
     6 | D:1      | Noticed a human
     8 | D:1      | Noticed a vampire
    12 | D:1      | Noticed a gargoyle
    13 | D:1      | Noticed a ghoul
    14 | D:1      | Noticed an ogre
    16 | D:1      | Noticed a vine stalker
    16 | D:1      | Noticed a felid
    18 | D:1      | Noticed an octopode
    19 | D:1      | Noticed a felid
    73 | D:1      | Reached XP level 2. HP: 15/25 MP: 2/2
   618 | D:1      | Reached XP level 3. HP: 30/30 MP: 3/3
   981 | D:2      | Reached XP level 4. HP: 22/37 MP: 4/4
  1175 | D:2      | Reached skill level 1 in Spellcasting
  1506 | D:3      | Reached XP level 5. HP: 31/42 MP: 6/6
  1931 | D:4      | Slain by an iguana

Skill      XL: |  1  2  3  4 |
---------------+-------------+-----
Armour         | 4 |  4.6
Axes           | 3 |  3.8
Spellcasting   | 1 |  1.2
Fighting       | 4 |  4.0
Dodging        | |  0.7
Shields        | |  3.9

Action                   |  1- 3 |  4- 6 || total
-------------------------+-------+-------++-------
Melee: War axe           |    85 |    94 ||   179
  Use: Potion            |     2 |     3 ||     5
       Scroll            |       |     7 ||     7
 Stab: Invisible         |       |     2 ||     2
  Eat: Bread ration      |     1 |       ||     1
Armor: Scale mail        |    30 |    49 ||    79
Dodge: Dodged            |    33 |    32 ||    65
Block: Shield            |    53 |    49 ||   102
